cohdb
Replays
Latest Replays
All Replays
Popular Replays
Top Player Replays
Match Explorer
How It Works
Community
CoH3 Stats
Reddit
Sign in to upload your games and track your stats! →
Sign in with Steam
Match 43934576
Unlisted
Match 43934576
Overview
Messages
Build Orders
End
Construct Infanterie Kompanie
Kettenkrad Recon Vehicle
Selects Terror Battlegroup
Selects Machine Gun Camouflage
MG 42 Machine Gun Team
MG 42 Machine Gun Team
Grenadier Squad
Construct Luftwaffe Kompanie
221 Scout Car
Jäger Squad
Jäger Squad
Support Elements
Wirbelwind Flakpanzer
Side Skirts
Medical Bunker
Construct Panzer Kompanie
Selects Contempt for the Weak
Selects Propaganda Leaflet Drop
Stoßtruppen Squad
Forward Retreat Point
Panzer IV Medium Tank
Panzer IV Medium Tank
Gwangju's Hero Chun Doo-gwang
Eplestilk
m|0|0|k
Acey
bt512
Hodolf
slayermj12
Agent-S
0
0
Comments
sign in to comment!
No comments posted yet!